 Seeded DCSS version 0.30-a0-739-gea05faddec (webtiles) character file.

Game seed: 5303251575479861336 (custom seed)

1694 voltaire321 the Ducker (level 9, -4/68 HPs)
             Began as a Merfolk Gladiator on Feb 5, 2023.
             Was a Believer of Nemelex Xobeh.
             Slain by a killer bee (7 damage)
             ... on level 7 of the Dungeon.
             The game lasted 00:17:36 (5479 turns).

voltaire321 the Ducker (Merfolk Gladiator)          Turns: 5479, Time: 00:17:36

Health: -4/68      AC:  7    Str: 14    XL:     9   Next: 2%
Magic:  14/14      EV: 19    Int: 10    God:    Nemelex Xobeh [**....]
Gold:   333        SH:  5    Dex: 17    Spells: 15/15 levels left

rFire   + . .      SeeInvis .    l - +4 falchion
rCold   + . .      Faith    .    e - +0 buckler
rNeg    + . .      Spirit   .    b - +0 leather armour
rPois   .          Reflect  .    q - +2 helmet
rElec   .          Harm     .    j - scarf {rC+ rF+}
rCorr   .          Rampage  .    D - +0 pair of gloves
Will    .....                    (no boots)
Stlth   +                        t - amulet of magic regeneration
HPRegen 0.31/turn                y - +5 ring of evasion
MPRegen 0.54/turn                c - ring of positive energy

@: lethally poisoned (-4 -> -11)
A: (nimble swimmer 2), mertail
a: Renounce Religion, Draw Escape, Draw Destruction, Draw Summoning


You were on level 7 of the Dungeon.
You worshipped Nemelex Xobeh.
Nemelex Xobeh was pleased with you.
You visited 1 branch of the dungeon, and saw 7 of its levels.

You collected 363 gold pieces.
You spent 30 gold pieces at shops.

Inventory:

Hand Weapons
 a - a +0 long sword
 l - a +4 falchion (weapon)
Missiles
 d - 4 throwing nets
 x - 3 javelins
 C - 8 poisoned darts (quivered)
 N - 6 boomerangs
Armour
 b - a +0 leather armour (worn)
 e - a +0 buckler (worn)
 j - a scarf of resistance (worn)
 q - a +2 helmet (worn)
 D - a +0 pair of gloves (worn)
 I - a +1 cloak of preservation
Jewellery
 c - a ring of positive energy (right hand)
 g - a +6 ring of intelligence
 t - an amulet of magic regeneration (around neck)
 y - a +5 ring of evasion (left hand)
 J - a +6 ring of intelligence
Wands
 r - a wand of charming (8)
 G - a wand of flame (7)
 L - a wand of polymorph (8)
 M - a wand of digging (8)
 O - a wand of acid (8)
Scrolls
 f - a scroll of torment {unknown}
 m - 6 scrolls of teleportation
 n - a scroll of fog {unknown}
 o - 2 scrolls of amnesia {unknown}
 p - 2 scrolls of blinking {unknown}
 s - a scroll of magic mapping {unknown}
 u - 4 scrolls of enchant weapon {unknown}
 A - 3 scrolls of poison {unknown}
 B - a scroll of fear {unknown}
 E - a scroll of silence {unknown}
 F - a scroll of immolation {unknown}
 K - 2 scrolls of noise {unknown}
Potions
 v - 2 potions of might
 w - a potion of brilliance
 z - a potion of berserk rage
 H - a potion of cancellation


   Skills:
 + Level 5.0 Fighting
 + Level 6.3 Long Blades
 + Level 4.5 Throwing
 + Level 2.7 Armour
 + Level 6.5 Dodging
 + Level 3.0 Shields
 + Level 3.5 Spellcasting
 + Level 3.2 Invocations


You had 15 spell levels left.
You didn't know any spells.
Your spell library contained the following spells:

 Spells                   Type           Power      Damage    Failure   Level
 Call Canine Familiar     Summ           1%         N/A       80%         3
 Dazzling Flash           Conj/Hex       2%         N/A       80%         3
 Portal Projectile        Hex/Tloc       2%         N/A       80%         3
 Tukima's Dance           Hex            1%         N/A       80%         3
 Leda's Liquefaction      Hex/Erth       0%         N/A       99%         4
 Passage of Golubria      Tloc           1%         N/A       99%         4
 Agony                    Necr           1%         N/A       100%        5
 Silence                  Hex/Air        0%         N/A       100%        5
 Yara's Violent Unravell  Hex/Tmut       0%         3d3       100%        5


Dungeon Overview and Level Annotations

Branches:
Dungeon (7/15)             Temple (0/1) D:7

Altars:
Fedhas
Gozag
Nemelex Xobeh
Sif Muna
Uskayaw
The Shining One

Shops:
D:1 *!(   D:6 =

Annotations:
D:3 1 runed translucent door, Crazy Yiuf
D:7 1 runed translucent door, Soil's ghost, novice FeFi


Innate Abilities, Weirdness & Mutations

((You are very nimble when in or above water. (Stealth+, EV+, Speed+++)))
Your lower body shifts to a powerful aquatic tail in water.


Message History

h - a potion of curing The killer bee completely misses you. x2; The killer bee closely misses you. x3
You feel better.
The killer bee stings you but does no damage.
The killer bee closely misses you. x2
The killer bee attacks as you move away!
You block the killer bee's attack.
Found a runed translucent gate.
The killer bee closely misses you. The killer bee stings you.
* * * LOW HITPOINT WARNING * * *
The killer bee misses you. The killer bee barely misses you.
The killer bee stings you!
* * * LOW HITPOINT WARNING * * *
You closely miss the killer bee.
The killer bee is moderately wounded.
The killer bee stings you.
* * * LOW HITPOINT WARNING * * *
The killer bee misses you. x3
The killer bee stings you but does no damage.
The killer bee closely misses you.
You barely miss the killer bee.
The killer bee is moderately wounded.
You block the killer bee's attack. The killer bee misses you. x2
The killer bee barely misses you. The killer bee misses you. x2
The killer bee stings you.
* * * LOW HITPOINT WARNING * * *
You closely miss the killer bee.
The killer bee is moderately wounded.
You block the killer bee's attack. The killer bee misses you.
The killer bee barely misses you. x2; The killer bee stings you.
* * * LOW HITPOINT WARNING * * *
You are lethally poisoned!
The killer bee poisons you! You block the killer bee's attack.
The killer bee misses you.
You slash the killer bee!
The killer bee is almost dead.
* * * LOW HITPOINT WARNING * * *
You feel sick.
The centaur is no longer moving slowly.
The killer bee barely misses you. x2; The killer bee stings you!
You die...
Your body glows slightly and disappears.

#### #.. ##.+
#..# ########y.#
......y@yy#
+###..##yc#
##.##..# ..
#..#..# ...
#....# +#### .#
#...#....#......
.#
#..##.#.'########
.# ##.....
#..#......ยง.....
. . #...=..
#..#.....#...###


You could see a centaur and 5 killer bees.

Vanquished Creatures
  Menkaure (D:7)
  An ice beast (D:7)
  A black bear (D:6)
  A sky beast (D:7)
  2 phantoms
  A bullfrog (D:7)
  6 scorpions
  A necrophage (D:6)
  A gnoll sergeant (D:3)
  A killer bee (D:7)
  2 hounds
  2 jellies (D:6)
  2 orc priests
  A gnoll bouda (D:5)
  An iguana (D:3)
  An orc wizard (D:3)
  8 gnolls
  8 adders
  A shadow imp (D:6)
  2 white imps (D:6)
  2 ufetubi (D:6)
  A worm (D:2)
  4 dart slugs
  15 orcs
  5 ball pythons
  6 endoplasms
  2 giant cockroaches (D:1)
  6 goblins
  4 hobgoblins (D:1)
  7 jackals
  3 quokkas
  2 bats (D:1)
  3 frilled lizards
  A kobold (D:1)
  4 rats
109 creatures vanquished.

Vanquished Creatures (collateral kills)
  A wyvern (D:7)
  3 gnolls (D:3)
4 creatures vanquished.

Vanquished Creatures (others)
  A gnoll (D:3)
  3 toadstools (D:3)
4 creatures vanquished.

Grand Total: 117 creatures vanquished

Notes
Turn   | Place    | Note
-------+----------+-------------------------------------------
     0 | D:1      | voltaire321 the Merfolk Gladiator began the quest for the
                  | Orb.
     0 | D:1      | Reached XP level 1. HP: 16/16 MP: 1/1
   126 | D:1      | Reached XP level 2. HP: 12/23 MP: 2/2
   201 | D:1      | Found Ugomm's Weapon Emporium.
   259 | D:1      | Reached XP level 3. HP: 26/28 MP: 3/3
   470 | D:1      | Found Seics's Distillery.
   693 | D:1      | Found Koofel's General Store.
   699 | D:1      | Bought a scroll of teleportation for 30 gold pieces
   997 | D:2      | Reached skill level 1 in Armour
   997 | D:2      | Reached XP level 4. HP: 32/34 MP: 4/4
  1419 | D:3      | Reached XP level 5. HP: 18/41 MP: 4/6
  1722 | D:3      | Reached skill level 1 in Spellcasting
  1839 | D:3      | Reached skill level 5 in Dodging
  1872 | D:3      | Reached XP level 6. HP: 40/47 MP: 6/8
  2159 | D:3      | Found an opulent altar of Gozag.
  2159 | D:3      | Found a blossoming altar of Fedhas.
  2247 | D:3      | Found a sparkling altar of Nemelex Xobeh.
  2251 | D:3      | Became a worshipper of Nemelex Xobeh the Trickster
  2268 | D:3      | Found a runed translucent door.
  2269 | D:3      | Noticed Crazy Yiuf
  2312 | D:3      | Found a glowing golden altar of the Shining One.
  3032 | D:4      | Found a shimmering blue altar of Sif Muna.
  3399 | D:5      | Entered Level 5 of the Dungeon
  3534 | D:5      | Reached * piety under Nemelex Xobeh
  3548 | D:5      | Reached skill level 5 in Long Blades
  3548 | D:5      | Reached skill level 1 in Shields
  3548 | D:5      | Reached skill level 1 in Invocations
  3548 | D:5      | Reached XP level 7. HP: 46/53 MP: 10/10
  3695 | D:5      | Noticed a +0 dagger
  3695 | D:5      | Noticed a +0 hand axe
  3699 | D:5      | Found a hide-covered altar of Uskayaw.
  3748 | D:5      | Received a gift from Nemelex Xobeh
  4079 | D:6      | Found Menoxkeps's Jewellery Shoppe.
  4241 | D:6      | Reached XP level 8. HP: 43/60 MP: 12/12
  4499 | D:6      | Reached ** piety under Nemelex Xobeh
  5051 | D:6      | Received a gift from Nemelex Xobeh
  5122 | D:7      | Found a staircase to the Ecumenical Temple.
  5156 | D:7      | Noticed Menkaure
  5156 | D:7      | Noticed a wyvern
  5161 | D:7      | Killed a wyvern
  5164 | D:7      | Killed Menkaure
  5354 | D:7      | Reached skill level 5 in Fighting
  5354 | D:7      | Reached XP level 9. HP: 63/68 MP: 14/14
  5415 | D:7      | Noticed Soil's ghost (novice FeFi)
  5475 | D:7      | Found a runed translucent gate.
  5479 | D:7      | HP: 3/68 [poisoned by a killer bee]
  5479 | D:7      | Slain by a killer bee

Illustrated notes

Levels and vault maps discovered:
D:1:      wander_arrival_peaceful_grave, layout_loops_ring, serial_shops,
          nicolae_shop_bloodbath_and_beyond, shop, shop
D:2:      layout_loops_ring
D:3:      layout_loops_ring, nemelex_xobeh_ov_fountains_minmay,
          gammafunk_temple_overflow_elements, tso_altar,
          minmay_gold_behind_fungi, uniq_crazy_yiuf_cottage
D:4:      layout_loops_ring, kennysheep_orc_sif_temple, kennysheep_minor_cross
D:5:      layout_cave_pools, dancing_weapons_uskayaw
D:6:      layout_loops_ring, serial_shops, nicolae_shop_advertising_works
          [nicolae_subvault_shop_adworks], minmay_misc_feat_enclosed,
          hangedman_abyss_or_decor_lesser_grid, item_on_display_a
D:7:      layout_loops_cross, minmay_temple_entry_glass, gammafunk_ghost_icy,
          minivault_11, nicolae_figureground_sparkle, uniq_menkaure

Skill      XL: |  1  2  3  4  5  6  7  8 |
---------------+-------------------------+-----
Long Blades    | 4 5 6 |  6.3
Armour         | 1 2 |  2.7
Fighting       | 3 4 5 |  5.0
Spellcasting   | 1 2 3 |  3.5
Throwing       | 3 4 |  4.5
Dodging        | 5 6 |  6.5
Shields        | 1 3 |  3.0
Invocations    | 1 2 3 |  3.2

Action                     |  1- 3 |  4- 6 |  7- 9 || total
---------------------------+-------+-------+-------++-------
  Melee: Long sword        |    45 |       |       ||    45
         Falchion          |    39 |   111 |   178 ||   328
         Punch             |     1 |       |       ||     1
  Throw: Javelin           |       |     1 |       ||     1
         Dart              |       |     6 |    31 ||    37
         Throwing net      |       |     1 |       ||     1
 Invoke: Draw Escape       |       |       |     2 ||     2
         Draw Summoning    |       |       |     1 ||     1
  Evoke: Wand              |       |     2 |       ||     2
    Use: Scroll            |     2 |       |     6 ||     8
         Potion            |       |       |     4 ||     4
   Stab: Sleeping          |     2 |     2 |       ||     4
         Held in net/web   |       |     1 |       ||     1
         Distracted        |       |       |     2 ||     2
 Armour: Leather armour    |    25 |    22 |    53 ||   100
  Dodge: Dodged            |    58 |    65 |   213 ||   336
  Block: Buckler           |       |    11 |    58 ||    69

Table legend: (Time is in decaauts)
 A = Elapsed time spent in this place.
 B = Non-inter-level travel time spent in this place.
 C = Inter-level travel time spent in this place.
 D = Time resting spent in this place.
 E = Time spent auto-exploring this place.
 F = Levels seen in this place.
 G = Mean time per level.
                   A        B        C        D        E       F      G
               +--------+--------+--------+--------+--------+-----+--------+
         Total |   5505 |   5319 |    186 |    415 |   3570 |   7 |  786.4 |
       Dungeon |   5505 |   5319 |    186 |    415 |   3570 |   7 |  786.4 |
               +--------+--------+--------+--------+--------+-----+--------+

Top non-repeatable levels by time:
     D:3: 1248 daAuts
     D:6: 974 daAuts
     D:4: 784 daAuts
     D:1: 754 daAuts
     D:5: 743 daAuts
     D:2: 630 daAuts
     D:7: 368 daAuts
